 Dungeon Crawl Stone Soup version 0.19-a0-905-ge5e6a15 (webtiles) character file.

6539 4thArraOfDagon the Cleaver (level 10, -12/93 HPs)
             Began as a Minotaur Chaos Knight on July 5, 2016.
             Mangled by a yak (19 damage)
             ... on level 10 of the Dungeon.
             The game lasted 00:24:32 (4628 turns).

4thArraOfDagon the Cleaver (Minotaur Chaos Knight)  Turns: 4628, Time: 00:24:33

Health: -12/93     AC:  5    Str: 16      XL:     10   Next: 70%
Magic:  9/9        EV: 11    Int: 11 (12) God:    Xom [......]
Gold:   360        SH:  0    Dex: 11      Spells: 0 memorised, 9 levels left

rFire  . . .     SeeInvis .     a - +0 hand axe (chaos)
rCold  . . .     Gourm    .     t - +0 troll leather armour {Purgy}
rNeg   . . .     Faith    +     (no shield)
rPois  .         Spirit   .     (helmet restricted)
rElec  +         Dismiss  .     (no cloak)
rCorr  .         Reflect  .     (no gloves)
SustAt .         Harm     .     (no boots)
MR     +....                    g - amulet of faith
Stlth  ..........               (no ring)
                                I - ring of loudness (curse)

@: somewhat resistant to hostile enchantments, extremely unstealthy
A: retaliatory headbutt, horns 2, magic resistance 1, electricity resistance,
MP-powered wands
a: Renounce Religion


You were on level 10 of the Dungeon.
You worshipped Xom.
You were a very special plaything of Xom.
You were hungry.

You visited 2 branches of the dungeon, and saw 11 of its levels.
You also visited: Sewer and Ossuary.

You collected 643 gold pieces.
You spent 283 gold pieces at shops.

Inventory:

Hand Weapons
 a - a +0 hand axe of chaos (weapon)
 o - a +1 war axe
 y - a +0 battleaxe
Armour
 b - a +2 leather armour
 i - a +0 ring mail
 k - the cursed +0 robe "Teeq" {rC+ SInv, unknown}
   (You found it on level 8 of the Dungeon)

   It protects you from cold.
   It lets you see invisible.
   It has a curse placed upon it.
 n - a +0 scale mail
 t - a +0 troll leather armour (worn) {Purgy}
 C - a +0 plate armour
Jewellery
 g - an amulet of faith (around neck)
 I - a cursed ring of loudness (left hand)
Wands
 e - a wand of iceblast (0/15)
 G - a wand of lightning (11/15)
 M - a wand of slowing (8/48)
Scrolls
 j - 3 scrolls of amnesia
 p - 3 scrolls of remove curse
 q - a scroll of enchant weapon
 s - 2 scrolls of recharging
 w - 2 scrolls of immolation
 D - 2 scrolls of teleportation
 J - a scroll of blinking {unknown}
 L - a scroll of vulnerability {unknown}
Potions
 d - a potion of flight
 f - a potion of resistance {unknown}
 l - a potion of curing
 m - 4 potions of cancellation {unknown}
 u - 3 potions of invisibility {unknown}
 v - a potion of lignification {unknown}
 x - 2 potions of might
 z - a potion of magic
 F - 2 potions of berserk rage {unknown}
Books
 B - Xom's Almanac of Reason
   (Xom gifted it to you on level 7 of the Dungeon)

   Spells                             Type                      Level
   a - Corona                         Hexes                        1
   b - Slow                           Hexes                        2
   c - Gell's Gravitas                Hexes/Translocation          3
   d - Metabolic Englaciation         Hexes/Ice                    5
   e - Discord                        Hexes                        8
Comestibles
 c - 9 bread rations
 h - a chunk of flesh
 A - 2 meat rations
 E - 2 beef jerkies


   Skills:
 + Level 10.3 Fighting
 * Level 13.7 Axes
 + Level 10.1 Armour
 - Level 1.1 Dodging


You had 9 spell levels left.
You didn't know any spells.

Dungeon Overview and Level Annotations

Branches:
Dungeon (10/15)            Temple (0/1) D:5            Lair (0/6) D:8
    Orc (1/2) D:9

Altars:
Fedhas
Qazlal
Vehumet
Xom

Shops:
D:4 *   D:10 (

Annotations:
D:7 Lessnames's ghost, novice DgFi


Innate Abilities, Weirdness & Mutations

You reflexively headbutt those who attack you in melee.
You have a pair of horns on your head.
You are resistant to hostile enchantments. (MR+)
You are resistant to electric shocks. (rElec)
You expend magic power (3 MP) to strengthen your wands.


Message History

The yak barely misses you.
You hit the yak but do no damage.
The yak goes berserk!
Xom thinks this is hilarious!
The yak is moderately wounded.
The yak barely misses you. You furiously retaliate!
You headbutt the yak. You completely miss the yak.
Your headbutt misses the yak.
The yak is moderately wounded.
The yak gores you!!
* * * LOW HITPOINT WARNING * * *
You are too injured to fight recklessly!
You are too injured to fight recklessly!
You are too injured to fight recklessly!
Unknown command.
You feel better. The yak barely misses you.
Unknown command.
You feel better. The yak gores you!
* * * LOW HITPOINT WARNING * * *
The yak gores you!!
You die...
Xom roars with laughter!

.........#
.........+
.!YY..Y..## +
.......... .#
......... ..#
........#.∩.#.#
#+.......#
######.########
#§§@Y..#
####§########
#..§§.......#
#...........#
#...........#
#...........+
#...........#
#...........#
#############


You could see a yak (berserk).

Vanquished Creatures
  A deep elf mage (D:8)
  A rime drake (D:10)
  2 centaur skeletons
  A spriggan (D:8)
  3 yaks (D:10)
  A wyvern (D:8)
  Eustachio (D:6)
  A hippogriff (D:8)
  4 wargs
  A hell hound (D:9)
  2 sky beasts
  2 orc warriors
  3 ice beasts
  A phantom (D:8)
  7 ogres
  4 wolves
  3 centaurs
  A crocodile (D:8)
  2 big kobolds
  4 giant frogs
  A scorpion (D:8)
  5 wights (D:8)
  A howler monkey (D:7)
  4 crimson imps
  4 orc priests
  3 hounds
  A jelly (D:9)
  7 orc wizards
  2 giant frog skeletons
  2 iguanas
  A worker ant (D:10)
  A big kobold zombie (Ossuary)
  8 mummies (Ossuary)
  7 adders
  4 shadow imps
  An ooze (D:7)
  2 adder zombies
  3 adder skeletons
  3 dart slugs
  4 giant geckos
  27 orcs
  A giant cockroach (D:3)
  3 goblins
  3 hobgoblins
  5 jackals
  8 kobolds
  A quokka (D:4)
  2 ball pythons (Sewer)
  A bat (D:3)
  2 giant newts
  A gnoll zombie (Ossuary)
  2 hobgoblin zombies (Ossuary)
  A jackal skeleton (D:7)
  A jackal zombie (D:5)
  2 kobold zombies (Ossuary)
  2 orc zombies (Ossuary)
  A quokka zombie (D:7)
  A rat (D:2)
173 creatures vanquished.

Vanquished Creatures (collateral kills)
  Grum (D:8)
  A hungry ghost (D:7)
  A hound (D:7)
  An orc wizard (D:8)
  2 orcs (D:7)
  2 kobolds (D:8)
8 creatures vanquished.

Vanquished Creatures (others)
  The ghost of Fenrir042 the Stinger, an amateur SpVM (Sewer)
  An orc warrior (D:9)
  A wolf (D:8)
  A scorpion (D:4)
4 creatures vanquished.

Grand Total: 185 creatures vanquished

Notes
Turn   | Place    | Note
-------+----------+-------------------------------------------
     0 | D:1      | 4thArraOfDagon the Minotaur Chaos Knight began the quest for the Orb.
     0 | D:1      | Reached XP level 1. HP: 19/19 MP: 0/0
    15 | D:1      | You fall through a shaft!
    23 | D:2      | Found a blossoming altar of Fedhas.
    24 | D:2      | Found a stormy altar of Qazlal.
    84 | D:2      | You fall through a shaft for 2 floors!
    86 | D:4      | Noticed an iguana
    88 | D:4      | XOM: potion effect (curing)
    90 | D:4      | XOM: enchant monster (bad)
    92 | D:4      | Killed an iguana
    92 | D:4      | Reached skill level 4 in Axes
    92 | D:4      | Reached XP level 2. HP: 16/27 MP: 1/1
    92 | D:4      | Reached XP level 3. HP: 20/33 MP: 2/2
   186 | D:4      | Found Ricuklua's Assorted Antiques.
   194 | D:4      | Noticed a scorpion
   200 | D:4      | Banished a scorpion
   200 | D:4      | Reached XP level 4. HP: 21/40 MP: 3/3
   315 | D:4      | Reached skill level 5 in Axes
   351 | D:5      | Entered Level 5 of the Dungeon
   408 | D:5      | XOM: harmless Divn miscast
   453 | D:5      | Noticed a giant frog
   462 | D:5      | Killed a giant frog
   462 | D:5      | Reached XP level 5. HP: 32/47 MP: 4/4
   493 | D:5      | XOM: confuse monster(s)
   512 | D:5      | Reached skill level 6 in Axes
   546 | D:5      | Reached skill level 5 in Fighting
   598 | D:6      | Reached XP level 6. HP: 45/56 MP: 5/5
   785 | D:6      | XOM: potion effect (might)
   892 | D:6      | Noticed Eustachio
   894 | D:6      | XOM: summons 4 friendly demons
   911 | D:6      | XOM: harmless Summ miscast
   936 | D:6      | Killed Eustachio
   936 | D:6      | Reached skill level 7 in Axes
   936 | D:6      | Reached skill level 5 in Armour
   936 | D:6      | Reached XP level 7. HP: 32/62 MP: 6/6
   988 | D:6      | XOM: god gift: metallic purple potion {god gift}
  1021 | D:6      | Found a glowing drain.
  1026 | Sewer    | Entered a sewer
  1054 | Sewer    | XOM: give mutations
  1054 | Sewer    | Gained mutation: You are resistant to hostile enchantments. (MR+) [Xom's grace]
  1054 | Sewer    | Gained mutation: Your mind is acute. (Int +2) [Xom's grace]
  1106 | Sewer    | Noticed Purgy
  1122 | Sewer    | XOM: noise
  1123 | Sewer    | Noticed Fenrir042's ghost (amateur SpVM)
  1129 | Sewer    | XOM: potion effect (brilliance)
  1130 | Sewer    | Noticed Purgy
  1130 | Sewer    | Purgy changed into Purgy the sky beast
  1130 | Sewer    | XOM: polymorph Purgy -> Purgy the sky beast
  1136 | Sewer    | Killed Fenrir042's ghost
  1136 | Sewer    | XOM: destruction
  1140 | Sewer    | XOM: summons friendly shadow imp
  1143 | Sewer    | Killed Purgy the sky beast
  1230 | D:7      | Noticed a hungry ghost
  1233 | D:7      | Noticed Lessnames's ghost (novice DgFi)
  1234 | D:7      | XOM: 4-stop teleportation journey
  1310 | D:7      | XOM: mild Air miscast
  1464 | D:7      | Reached skill level 8 in Axes
  1580 | D:7      | Found a sand-covered staircase.
  1585 | Ossuary  | Entered an ossuary
  1654 | Ossuary  | Gained mutation: You are partially covered in iridescent scales. (AC +4) [potion of mutation]
  1654 | Ossuary  | Gained mutation: You are robust. (+10% HP) [potion of mutation]
  1685 | Ossuary  | XOM: mild Erth miscast
  1935 | D:7      | XOM: cast spell 'Cause Fear'
  1937 | D:7      | XOM: summons friendly quasit
  1952 | D:7      | Killed a hungry ghost
  1952 | D:7      | Reached XP level 8. HP: 78/78 MP: 7/7
  1961 | D:7      | XOM: confuse monster(s)
  1977 | D:7      | Reached skill level 9 in Axes
  2046 | D:7      | XOM: god gift: rare book {god gift}
  2047 | D:7      | Identified Xom's Almanac of Reason (Xom gifted it to you on level 7 of the Dungeon)
  2053 | D:7      | XOM: enchant monster (good)
  2146 | D:8      | XOM: stealth player
  2227 | D:8      | XOM: harmless Fire miscast
  2230 | D:8      | XOM: summons 2 friendly demons
  2242 | D:8      | Noticed Grum
  2248 | D:8      | XOM: summons friendly white imp
  2264 | D:8      | Got a warped robe
  2393 | D:8      | Reached skill level 10 in Axes
  2400 | D:8      | XOM: butterfly on damage
  2485 | D:8      | XOM: enchant monster (bad)
  2554 | D:8      | XOM: cast spell 'Olgreb's Toxic Radiance'
  2559 | D:8      | Reached XP level 9. HP: 77/89 MP: 8/8
  2606 | D:8      | XOM: harmless Erth miscast
  2808 | D:8      | Reached skill level 11 in Axes
  2838 | D:8      | Noticed a deep elf mage
  2850 | D:8      | XOM: confuse monster(s)
  2877 | D:8      | XOM: enchant monster (bad)
  2878 | D:8      | XOM: swap monsters
  2927 | D:8      | XOM: scenery: 1 doors close
  2929 | D:8      | XOM: enchant monster (good)
  2951 | D:8      | XOM: potion effect (curing)
  2961 | D:8      | Killed a deep elf mage
  2961 | D:8      | Reached skill level 12 in Axes
  2970 | D:8      | XOM: divination: magic mapping
  2999 | D:8      | XOM: cast spell 'Spider Form'
  3088 | D:9      | XOM: smoke on damage
  3190 | D:9      | Reached XP level 10. HP: 93/100 MP: 9/9
  3206 | D:9      | XOM: give mutations
  3206 | D:9      | Lost mutation: Your mind is acute. (Int +2) [Xom's mischief]
  3206 | D:9      | Lost mutation: You are robust. (+10% HP) [Xom's mischief]
  3245 | D:9      | XOM: divination: detect creatures
  3246 | D:9      | XOM: enchant monster (bad)
  3249 | D:9      | XOM: divine lightning (protected)
  3301 | D:9      | XOM: divination: detect creatures
  3322 | D:9      | XOM: potion effect (heal wounds)
  3381 | D:9      | XOM: divination: detect items
  3474 | D:9      | Found a staircase to the Orcish Mines.
  3561 | D:9      | XOM: mild Fire miscast
  3625 | D:8      | Found a staircase to the Lair.
  3627 | D:8      | XOM: destruction
  3637 | D:8      | XOM: fake destruction
  3652 | D:8      | Reached skill level 13 in Axes
  3681 | D:8      | XOM: fog
  3689 | D:8      | XOM: summons 6 friendly demons
  3708 | D:8      | Killed Grum
  3809 | D:7      | XOM: harmless Summ miscast
  3911 | D:4      | Found a radiant altar of Vehumet.
  4040 | D:4      | XOM: scenery: create altars
  4069 | D:4      | Bought a scroll of teleportation for 81 gold pieces
  4069 | D:4      | Bought a potion of mutation for 67 gold pieces
  4069 | D:4      | Bought a scroll labeled GYORHU POSESA for 27 gold pieces
  4069 | D:4      | Bought a crooked lead wand for 108 gold pieces
  4069 | D:4      | Gained mutation: You are resistant to electric shocks. (rElec) [potion of mutation]
  4069 | D:4      | Gained mutation: You expend magic power (3 MP) to strengthen your wands. [potion of mutation]
  4069 | D:4      | Lost mutation: You are partially covered in iridescent scales. (AC +4) [potion of mutation]
  4084 | D:4      | XOM: 1-stop teleportation journey
  4108 | D:5      | Found a staircase to the Ecumenical Temple.
  4317 | Orc:1    | Entered Level 1 of the Orcish Mines
  4317 | Orc:1    | Noticed an orc knight
  4317 | Orc:1    | Noticed an orc knight
  4320 | Orc:1    | XOM: chaos upgrade
  4322 | D:9      | XOM: enchant monster (bad)
  4365 | D:9      | XOM: polymorph ogre -> wolf
  4388 | D:9      | XOM: confuse monster(s)
  4399 | D:9      | XOM: noise
  4411 | D:9      | XOM: divination: magic mapping
  4415 | D:9      | XOM: summons friendly crimson imp
  4417 | D:9      | XOM: potion effect (haste)
  4419 | D:9      | XOM: cast spell 'Excruciating Wounds'
  4421 | D:9      | XOM: 2-stop teleportation journey
  4445 | D:10     | Entered Level 10 of the Dungeon
  4482 | D:10     | XOM: mild Conj miscast
  4487 | D:10     | XOM: polymorph yak -> rime drake
  4493 | D:10     | Reached skill level 10 in Fighting
  4496 | D:10     | XOM: enchant monster (good)
  4498 | D:10     | XOM: confusion
  4505 | D:10     | XOM: cast spell 'Leda's Liquefaction'
  4506 | D:10     | XOM: swap monsters
  4517 | D:10     | Reached skill level 10 in Armour
  4587 | D:10     | Found Tetyhowi's Antique Weapon Boutique.
  4606 | D:10     | XOM: fog
  4616 | D:10     | XOM: stat loss: -1 Int (11/12)
  4628 | D:10     | Mangled by a yak

Vault maps used:
D:1:      sevenhm_arrival_forest_fort_large_2
D:2:      grunt_temple_overflow_forces_of_nature, nemelex_lonely_heart_becter
D:3:      good_gods_temple_1, serial_glass, glass_columns_c, glass_columns_a,
          st_stairs_5
D:4:      grunt_temple_overflow_diamond, fiery_altar_vehumet, first_bread,
          serial_shops, shop
D:6:      portal_sewer_entry_e, minmay_liquid_box, uniq_eustachio,
          uniq_crazy_yiuf_cottage
D:7:      enter_ossuary_5
D:8:      erik_lair_orcish_takeover, the_bakery, grunt_potential, uniq_grum
D:9:      erik_orc_3
D:10:     serial_shops, nicolae_shop_stone
Orc:1:    nicolae_orc_lava_tube
Sewer:    sewer_co_purgy_island
Ossuary:  ossuary_tomb_3

Skill      XL: |  1  2  3  4  5  6  7  8  9 10 |
---------------+-------------------------------+-----
Fighting       | 4 5 6 7 9 10 | 10.3
Axes           | 4 5 6 7 8 10 12 13 | 13.7
Armour         | 3 4 5 7 9 10 | 10.1
Dodging        | |  1.1

Action                   |  1- 3 |  4- 6 |  7- 9 | 10-12 || total
-------------------------+-------+-------+-------+-------++-------
Melee: Hand axe          |    30 |    63 |   340 |   258 ||   691
       Headbutt          |     1 |    13 |    62 |    52 ||   128
       Unarmed           |       |       |     9 |       ||     9
Evoke: Wand              |       |     1 |     4 |       ||     5
  Use: Potion            |     2 |       |     4 |     6 ||    12
       Scroll            |       |     5 |    12 |     1 ||    18
 Stab: Paralysed         |       |     1 |     6 |     2 ||     9
       Confused          |       |       |     1 |       ||     1
       Petrifying        |       |       |     1 |     1 ||     2
       Distracted        |       |       |       |     1 ||     1
  Eat: Fruit             |       |       |     3 |       ||     3
       Royal jelly       |       |       |     1 |       ||     1
       Bread ration      |       |       |     1 |       ||     1
       Chunk             |       |       |     3 |     4 ||     7
Armor: Leather armour    |    11 |    12 |       |       ||    23
       Scale mail        |       |     6 |    48 |       ||    54
       Plate armour      |       |       |    25 |       ||    25
       Troll leather arm |       |       |    45 |    44 ||    89
       Skin              |       |       |     1 |       ||     1
Dodge: Dodged            |     7 |    35 |   147 |   101 ||   290
